Map: Blackpink LE

Players

Infamous - Winner!

  • Race: Protoss Protoss
  • League: Silver
  • Spawn Location: 1:00

Freddy

  • Race: Zerg Zerg
  • League: Silver
  • Spawn Location: 7:00

VOD

Have the link to the VOD?

Description

Time

  • Played on: March 11, 2018, 2:26 p.m.
  • Length: 12:07
Show
View Real Time Build Order
Export as new Build Order

Infamous Protoss - Winner!

Build Orders: Double Forge 

Get SALT Encoding   

  12  0:03  Probe  
  13  0:15  Probe  
  13  0:19  Pylon  
  14  0:28  Probe  
  15  0:37  Gateway  
  15  0:40  Probe (Chrono Boost)  
  16  0:49  Probe (Chrono Boost)  
  17  0:50  Assimilator  
  17  1:06  Probe  
  18  1:25  Cybernetics Core  
  18  1:26  Probe (Chrono Boost)  
  18  1:30  Zealot  
  21  1:37  Probe (Chrono Boost)  
  22  1:42  Pylon  
  22  1:52  Probe  
  23  1:59  Warp Gate (Chrono Boost)  
  23  2:13  Probe  
  23  2:15  Pylon  
  24  2:31  Probe, Assimilator  
  25  2:39  Gateway  
  25  2:40  Gateway  
  25  2:45  Probe  
  26  2:57  Probe  
  26  3:03  Pylon  
  26  3:10  Robotics Facility  
  26  3:14  Shield Battery  
  26  3:20  Shield Battery  
  26  3:23  Forge  
  26  3:25  Probe  
  27  3:28  Sentry  
  29  3:37  Probe  
  30  3:43  Gateway  
  30  3:52  Forge  
  30  3:58  Observer (Chrono Boost)  
  31  4:06  Probe  
  32  4:18  Probe  
  32  4:22  Pylon  
  32  4:23  Stalker x3  
  39  4:25  Pylon  
  39  4:44  Zealot  
  41  4:47  Pylon  
  41  4:51  Nexus  
  41  4:54  Pylon  
  41  4:55  Pylon  
  41  5:01  Protoss Ground Weapons Level 1 (Chrono Boost)  
  41  5:03  Probe  
  42  5:19  Probe  
  43  5:22  Gateway  
  43  5:24  Gateway  
  43  5:41  Zealot x3  
  43  5:42  Zealot  
  50  5:52  Twilight Council  
  50  6:05  Stalker  
  50  6:06  Stalker  
  54  6:12  Probe x2  
  56  6:21  Pylon  
  56  6:28  Photon Cannon  
  56  6:38  Assimilator  
  56  6:39  Probe  
  57  6:40  Probe  
  57  6:41  Assimilator  
  58  6:48  Zealot x2  
  58  6:49  Zealot x3  
  68  6:57  Probe  
  68  6:58  Immortal (Chrono Boost)  
  73  7:11  Charge (Chrono Boost)  
  73  7:18  Probe x2  
  75  7:23  Zealot x2  
  75  7:24  Zealot x2  
  83  7:39  Pylon  
  83  7:45  Photon Cannon  
  83  7:55  Shield Battery  
  83  8:00  Immortal  
  83  8:04  Zealot x4  
  95  8:15  Probe  
  95  8:16  Probe  
  98  8:27  Probe  
  98  8:28  Sentry  
  98  8:30  Zealot x3  
  74  9:18  Stalker x3  
  74  9:19  Stalker x2  
  74  9:20  Stalker  
  84  9:43  Stalker x3  
  84  9:44  Stalker  
  92  9:47  Zealot x2  
  96  10:02  Protoss Ground Armor Level 1 (Chrono Boost)  
  78  10:30  Stalker x3  
  78  10:31  Stalker  
  78  10:32  Zealot  
  88  10:53  Nexus  
  88  10:55  Pylon x2  
  88  11:06  Immortal  
  92  11:26  Robotics Bay  
  92  11:33  Stalker  
  92  11:34  Stalker x3  
  100  11:40  Gateway  
  100  11:43  Gateway  
Show
View Real Time Build Order
Export as new Build Order

Freddy Zerg 

Build Orders: Hatch First, Muta Ling Bane 

Get SALT Encoding   

  12  0:10  Overlord  
  12  0:13  Drone  
  13  0:24  Drone  
  14  0:37  Drone x2  
  17  0:57  Drone x2  
  17  0:59  Hatchery  
  17  1:02  Extractor  
  16  1:38  Spawning Pool  
  16  1:39  Drone x3  
  18  2:20  Overlord  
  18  2:26  Queen  
  18  2:29  Queen  
  22  2:31  Zergling x2  
  22  2:32  Zergling x2  
  22  2:34  Zergling x2  
  25  3:04  Queen  
  25  3:05  Spine Crawler  
  26  3:08  Drone  
  26  3:09  Drone x2  
  29  3:14  Extractor  
  28  3:21  Baneling Nest  
  28  3:23  Drone  
  28  3:25  Evolution Chamber  
  27  3:32  Drone x3  
  30  3:36  Metabolic Boost  
  30  3:44  Drone  
  30  3:45  Drone x3  
  34  4:02  Spine Crawler  
  33  4:11  Baneling x4  
  33  4:30  Drone x3  
  36  4:33  Overlord x3  
  36  4:34  Overlord  
  36  4:40  Lair  
  36  4:48  Zerg Ground Armor Level 1  
  36  4:55  Spore Crawler  
  36  4:59  Drone x3  
  39  5:00  Drone  
  39  5:21  Zergling x6  
  42  5:29  Drone x4  
  42  5:30  Drone  
  45  6:21  Zergling x12  
  45  6:22  Zergling x2  
  45  6:24  Baneling x5  
  45  6:25  Baneling x3  
  52  6:31  Extractor  
  51  6:34  Extractor  
  50  6:41  Evolution Chamber  
  50  6:42  Evolution Chamber  
  48  6:48  Zerg Melee Weapons Level 1  
  48  6:51  Centrifical Hooks  
  48  6:52  Pneumatized Carapace  
  48  7:05  Drone x4, Hydralisk Den  
  48  7:06  Drone x2  
  53  7:10  Spire  
  52  7:19  Drone x5  
  57  7:24  Zerg Missile Weapons Level 1  
  57  7:36  Grooved Spines  
  57  7:57  Drone  
  57  7:58  Drone x2  
  60  8:00  Overlord  
  60  8:05  Overlord x5  
  60  8:19  Hatchery  
  59  8:36  Mutalisk, Hydralisk  
  59  8:37  Zergling x2  
  64  8:46  Overseer x2  
  64  8:47  Overseer x2  
  64  8:48  Muscular Augments  
  64  8:52  Zerg Ground Armor Level 2  
  58  9:06  Mutalisk, Hydralisk  
  58  9:07  Zergling x2  
  46  9:30  Baneling x2  
  46  9:31  Baneling x2  
  46  9:34  Mutalisk x2, Hydralisk x3, Zergling x2  
  46  9:35  Zergling x12  
  59  9:43  Spine Crawler  
  59  9:44  Spine Crawler  
  57  9:47  Spine Crawler  
  56  10:07  Zerg Flyer Weapons Level 1  
  46  10:34  Mutalisk, Hydralisk  
  46  10:35  Zergling x2  
  51  10:45  Baneling x2  
  51  11:12  Mutalisk, Hydralisk x2  
  51  11:13  Zergling x4  
  59  11:18  Baneling x2  
  59  11:32  Zergling x4  
  61  11:33  Zergling x2  
Tags
 
Add a new tag
Caveats
  • Supply blocks, unpowered buildings, or Contaminate may cause inaccurate times.
  • Supply counts are checked every 10 seconds.